Map: Ruines d’Endion

Players

MarceloVMS

  • Race: Terran Terran
  • League: Silver
  • Spawn Location: 5:00

zidar - Winner!

  • Race: Zerg Zerg
  • League: Silver
  • Spawn Location: 7:00

VOD

Have the link to the VOD?

Description

Time

  • Played on: May 11, 2016, 11:26 a.m.
  • Length: 9:15
Show
View Real Time Build Order
Export as new Build Order

MarceloVMS Terran 

Build Orders:  

Get SALT Encoding   

  12  0:01  SCV  
  13  0:13  SCV  
  14  0:21  Supply Depot  
  14  0:25  SCV  
  15  0:30  Refinery  
  15  0:43  SCV  
  15  0:46  Barracks  
  16  0:55  SCV  
  17  1:01  Supply Depot  
  17  1:07  SCV  
  18  1:13  Refinery  
  18  1:19  SCV  
  19  1:31  SCV  
  20  1:34  Reaper  
  21  1:46  Factory  
  21  1:52  Orbital Command  
  21  2:04  Engineering Bay  
  21  2:07  Marine  
  22  2:18  SCV  
  23  2:23  Supply Depot  
  23  2:29  Factory Tech Lab  
  23  2:30  SCV  
  23  2:33  Marine  
  25  2:45  SCV  
  25  2:57  Marine  
  26  2:58  Siege Tank  
  29  3:08  Command Center  
  29  3:10  SCV  
  30  3:18  Terran Infantry Weapons Level 1  
  30  3:25  Starport  
  30  3:26  Marine  
  31  3:38  Siege Tank  
  34  3:48  Supply Depot  
  34  3:56  Engineering Bay  
  34  4:00  Barracks Tech Lab  
  34  4:03  Starport Reactor  
  34  4:08  SCV  
  35  4:18  Siege Tank  
  35  4:20  Combat Shield, SCV  
  35  4:21  Orbital Command  
  39  4:27  Refinery  
  39  4:32  Marauder  
  41  4:40  Medivac  
  43  4:52  Terran Infantry Armor Level 1  
  43  5:08  Refinery  
  43  5:13  Supply Depot  
  43  5:14  Marine  
  43  5:20  SCV  
  47  5:23  Widow Mine  
  47  5:32  Barracks  
  47  5:33  Barracks  
  47  5:39  SCV  
  47  5:41  Missile Turret  
  48  5:43  Marauder  
  52  5:52  Widow Mine  
  36  6:48  Orbital Command  
  36  6:49  Orbital Command  
  21  7:48  Barracks  
  21  7:49  Barracks x2  
  19  7:55  SCV  
  19  7:57  Barracks Reactor  
  20  8:07  Command Center  
  20  8:08  SCV, Engineering Bay  
  21  8:15  Starport Tech Lab  
  21  8:22  SCV  
  21  8:25  SCV  
  23  8:34  SCV  
  23  8:37  Marine x2, SCV  
  23  8:38  Marine  
  28  8:42  Marine  
  28  8:43  Bunker  
  28  8:46  Marine  
  30  8:50  Bunker  
  30  8:54  Marine  
Show
View Real Time Build Order
Export as new Build Order

zidar Zerg - Winner!

Build Orders: Hatch First 

Get SALT Encoding   

  12  0:03  Drone  
  13  0:13  Overlord  
  13  0:21  Drone  
  14  0:31  Drone x2  
  17  0:35  Drone  
  17  0:56  Hatchery, Drone  
  17  1:11  Spawning Pool  
  16  1:13  Drone  
  16  1:18  Extractor  
  16  1:19  Drone  
  16  1:24  Drone  
  18  1:38  Drone  
  19  1:40  Overlord  
  19  1:50  Drone  
  20  2:01  Queen  
  20  2:03  Drone  
  23  2:18  Roach Warren  
  22  2:24  Drone  
  22  2:25  Drone x3  
  22  2:29  Extractor, Metabolic Boost  
  23  3:06  Roach  
  23  3:07  Roach x5  
  35  3:25  Overlord x2  
  35  3:28  Overlord  
  35  3:45  Ravager x2  
  37  3:53  Roach x4  
  45  4:04  Drone  
  45  4:05  Drone x5  
  51  4:18  Overlord  
  51  4:27  Ravager  
  52  4:32  Overlord  
  52  4:35  Queen  
  54  4:54  Roach  
  54  4:55  Roach x6  
  68  5:00  Overlord  
  68  5:22  Ravager x2  
  68  5:24  Ravager  
  61  6:28  Drone x9  
  59  7:01  Roach  
  59  7:02  Overlord x3  
  32  8:08  Hatchery  
  31  8:13  Roach  
  31  8:14  Roach x2  
  37  8:25  Roach  
  39  8:49  Roach x2  
  43  9:00  Drone  
  44  9:05  Spawning Pool  
Tags
 
Add a new tag
Caveats
  • Supply blocks, unpowered buildings, or Contaminate may cause inaccurate times.
  • Supply counts are checked every 10 seconds.